 Dungeon Crawl Stone Soup version 0.30-a0-23-ge60ba3568b (webtiles) character file.

Game seed: 668737514927530578

65993 ragingrage the Spry (level 14, -2/72 HPs)
             Began as a Felid Summoner on Aug 24, 2022.
             Was an Initiate of Gozag.
             Slain by a water nymph (9 damage)
             ... on level 3 of the Shoals.
             The game lasted 01:52:35 (41794 turns).

ragingrage the Spry (Felid Summoner)               Turns: 41794, Time: 01:52:36

Health: -2/72      AC:  3    Str:  4    XL:     14   Next: 77%
Magic:  23/31      EV: 33    Int: 25    God:    Gozag
Gold:   5120       SH:  0    Dex: 20    Spells: 0/37 levels left
                                        Lives:  0   Deaths: 3

rFire   . . .      SeeInvis +    (weapon unavailable)
rCold   + + .      Faith    .    (shield unavailable)
rNeg    + . .      Spirit   .    (body armour unavailable)
rPois   +          Reflect  .    (helmet unavailable)
rElec   .          Harm     .    (cloak unavailable)
rCorr   .          Rampage  .    (gloves unavailable)
Will    ++...                    (boots unavailable)
Stlth   +.........               j - amulet of magic regeneration
HPRegen 0.22/turn                A - ring of Firir {rC+ rN+ Dex+4}
MPRegen 0.62/turn                L - ring of poison resistance

@: forested, very slow
A: very small, claws 1, fangs 3, see invisible, speed 1, shaggy fur 3, stealthy
paws, no weapons or thrown items, no armour, multi-lived
a: Renounce Religion, Potion Petition, Call Merchant, Bribe Branch


You were on level 3 of the Shoals.
You worshipped Gozag.
Gozag was greatly pleased with you.
You visited 5 branches of the dungeon, and saw 27 of its levels.
You also visited: Sewer and Gauntlet.

You collected 10550 gold pieces.
You spent 1491 gold pieces at shops.
You paid 3939 gold pieces to Gozag.

Inventory:

Magical Staves
 G - a staff of air
Jewellery
 j - an amulet of magic regeneration (around neck)
 w - a +4 ring of evasion
 A - the ring of Firir (left paw) {rC+ rN+ Dex+4}
   (You found it in a Gauntlet)

   [ring of positive energy]

   Dex:       It affects your dexterity (+4).
   rC:        It protects you from cold.
   rN:        It protects you from negative energy.
 K - an amulet of the acrobat
 L - a ring of poison resistance (right paw)
Wands
 c - a wand of digging (5)
 i - a wand of polymorph (16)
 o - a wand of iceblast (22)
 u - a wand of flame (26)
 v - a wand of mindburst (10)
 y - a wand of quicksilver (13)
Scrolls
 b - 4 scrolls of immolation
 d - 3 scrolls of summoning
 q - 12 scrolls of teleportation
 s - 5 scrolls of amnesia
 t - 4 scrolls of magic mapping
 B - 3 scrolls of fear
 C - 2 scrolls of blinking
 E - 3 scrolls of butterflies
 J - a scroll of silence
Potions
 a - 5 potions of magic
 e - 15 potions of curing
 f - 11 potions of attraction
 g - 4 potions of flight
 h - 7 potions of haste
 k - 4 potions of lignification
 l - 2 potions of berserk rage
 m - 5 potions of mutation
 n - 8 potions of heal wounds
 p - 3 potions of invisibility
 x - a potion of might
 z - a potion of resistance
 D - 5 potions of brilliance
 F - a potion of ambrosia
 I - 4 potions of cancellation
Miscellaneous
 r - a phial of floods
 H - a tin of tremorstones (2/2)


   Skills:
 + Level 14.2 Fighting
 + Level 18.2 Dodging
 - Level 2.6 Stealth
 - Level 12.0 Spellcasting
 - Level 5.0 Hexes
 - Level 13.0 Summonings
 - Level 10.0 Translocations
 * Level 8.8 Transmutations
 + Level 11.2 Air Magic


You couldn't memorise any spells.
You knew the following spells:

 Your Spells              Type           Power      Damage    Failure   Level
a - Summon Forest         Summ/Tloc      32%        N/A       1%          5
b - Call Imp              Summ           68%        N/A       1%          2
c - Call Canine Familiar  Summ           68%        N/A       1%          3
d - Summon Guardian Gole  Hex/Summ       56%        N/A       1%          3
e - Summon Lightning Spi  Summ/Air       66%        N/A       1%          4
f - Swiftness             Air            63%        N/A       1%          3
g - Summon Small Mammal   Summ           100%       N/A       1%          1
h - Summon Hydra          Summ           34%        N/A       16%         7
i - Blink                 Tloc           100%       N/A       1%          2
j - Storm Form            Tmut/Air       30%        N/A       50%         7

Your spell library contained the following spells:

 Spells                   Type           Power      Damage    Failure   Level
 Shock                    Conj/Air       100%       1d9       1%          1
 Sting                    Tmut/Pois      100%       1d8       1%          1
 Poisonous Vapours        Pois/Air       86%        N/A       1%          2
 Gell's Gravitas          Tloc           60%        N/A       1%          3
 Lesser Beckoning         Tloc           60%        N/A       1%          3
 Spider Form              Tmut/Pois      37%        N/A       1%          3
 Teleport Other           Tloc           60%        N/A       1%          3
 Airstrike                Air            31%        2d(5-21)  1%          4
 Manifold Assault         Tloc           60%        N/A       1%          5
 Ensorcelled Hibernation  Hex/Ice        54%        N/A       2%          2
 Summon Ice Beast         Ice/Summ       47%        N/A       2%          4
 Blade Hands              Tmut           28%        N/A       3%          5
 Freeze                   Ice            60%        1d8       4%          1
 Necrotise                Necr           60%        1d7       4%          1
 Ice Form                 Ice/Tmut       37%        N/A       6%          4
 Petrify                  Tmut/Erth      37%        N/A       6%          4
 Frozen Ramparts          Ice            30%        1d5       12%         3
 Ozocubu's Armour         Ice            15%        N/A       12%         3
 Vampiric Draining        Necr           15%        2d7       12%         3
 Anguish                  Hex/Necr       13%        N/A       14%         4
 Leda's Liquefaction      Hex/Erth       13%        N/A       14%         4
 Hailstorm                Conj/Ice       15%        3d5       36%         4
 Olgreb's Toxic Radiance  Pois           15%        N/A       36%         4
 Metabolic Englaciation   Hex/Ice        13%        N/A       36%         5
 Conjure Ball Lightning   Conj/Air       21%        3x3d6     52%         6
 Eringya's Noxious Bog    Tmut/Pois      18%        N/A       69%         6
 Statue Form              Tmut/Erth      24%        N/A       69%         6
 Agony                    Necr           15%        N/A       73%         5
 Lee's Rapid Deconstruct  Erth           7%         3d8*      73%         5
 Spellforged Servitor     Conj/Summ      23%        N/A       93%         7
 Maxwell's Capacitive Co  Air            31%        ∞         95%         8
 Iron Shot                Conj/Erth      7%         9d2       99%         6
 Disjunction              Tloc           30%        N/A       99%         8
 Orb of Destruction       Conj           7%         9d6       100%        7
 Ozocubu's Refrigeration  Ice            7%         4d9       100%        7
 Discord                  Hex            20%        N/A       100%        8
 Animate Armour           Summ/Erth      Unusable   N/A       N/A         4

Dungeon Overview and Level Annotations

Branches:
Dungeon (15/15)            Temple (0/1) D:5            Lair (5/5) D:9
 Shoals (3/4) Lair:3        Snake (2/4) Lair:2        Slime (0/5) Lair:4
    Orc (2/2) D:10            Elf (0/3) Orc:2        Vaults (0/5) D:14
 Depths (0/4) D:15          Sewer (visited)         Gauntlet (visited)

Altars:
Ashenzari
Dithmenos
Elyvilon
Fedhas
Gozag
Hepliaklqana
Kikubaaqudgha
Ru
Uskayaw
Wu Jian
Yredelemnul
The Shining One
Jiyva

Shops:
D:3 =?*?   D:6 *   D:8 =   Orc:1 :   Orc:2 ?=![(   Lair:1 =?!:   Shoals:2 *

Portals:
Abyss: D:15

Annotations:
D:7 exclusion: downstairs
D:13 exclusion: downstairs
D:14 exclusion: downstairs
D:15 2 transporters, Geulo's ghost, adept DEFE
Lair:3 3 runed translucent doors, relicbr's ghost, journeyman DEFE
Lair:5 exclusion: obsidian statue
Snake:1 exclusion: 2 downstairs
Snake:2 Frances; Jorgrun; Vashnia


Innate Abilities, Weirdness & Mutations

You have sharp claws.
You have razor-sharp teeth.
You have supernaturally acute eyesight. (SInv)
You cover ground quickly. (Speed+)
Your thick and shaggy fur keeps you warm. (AC +3, rC+)
Your paws help you pounce on unaware monsters.
You are incapable of wielding weapons or throwing items.
You cannot wear armour.
You gain extra lives every three experience levels.


Message History

Unknown command.
Unknown command.
Unknown command.
You are too injured to fight recklessly!
Casting: Summon Guardian Golem (safe; 1% risk of failure)
Confirm with . or Enter, or press ? or * to list all spells.
A forested plane collides here with a resounding crunch!
Your dryad calls out to the forest.
The forest starts to sway and rumble!
The water nymph misses you.
The water nymph's watery aura covers the stone staircase leading up.
Splash!
You fall into the shallow water.
Moving in this stuff is going to be slow.
Unknown command.
You feel roots moving beneath the ground.
The water nymph is waved at by a branch.
A tree reaches out but misses the water nymph.
The water nymph touches you. The water nymph drowns you!
Casting: Summon Forest (dangerous; 1% risk of failure)
Confirm with . or Enter, or press ? or * to list all spells.
The water nymph is hit by a branch!
The water nymph misses you.
Splash!
You fall into the shallow water.
Moving in this stuff is going to be slow.
Your dryad hits the water nymph but does no damage.
Casting: Call Canine Familiar (safe; 1% risk of failure)
Confirm with . or Enter, or press ? or * to list all spells.
A guardian golem appears, shielding your allies.
The water nymph is waved at by a branch.
The water nymph points at you and mumbles some strange words.
The water swirls and strikes you!!
* * * LOW HITPOINT WARNING * * *
Your dryad completely misses the water nymph.
Your warg misses the water nymph.
Unknown command.
Unknown command.
The water nymph attacks as you move away!
The water nymph touches you!
You die...
Your body crumbles into a pile of gold.

~~~~.>~~~~ ~..#..........
~~~~~~~~~~~ ~...~~~.~♣...
≈~~~~~~~~≈~~ ~~~≈≈~~~≈~~~
≈≈~~~~~~~≈≈~ .~~≈≈~≈≈≈~..
≈≈≈≈≈~~≈≈~~~ ..~.♣~≈≈≈~~~
~~~~~≈≈≈~~.###. ..~~~~~~~
~)~~~≈≈≈~~..#.# ##.~~~~~~~
)).~~≈≈≈~~~...#♣♣R.~~~~.~~
.##.~~≈≈~~~~~.#♣@mh~~~~...
.###.~≈≈≈~~~~♣..~~~~~~~.♣#
))...~~≈≈~~~...?..9..~~.♣
###...~~~~...~~...~.~~~...
#♣#...~~~..#......~~~~~~..
.#...~~~~..♣#..#..~~~~~..>
$
...~..~~~~........~~~~~..~
...~~.~~~~...~~~~~~~~~~.~
~.~~~~~~~~..~~~~~~~~~~~~


You could see a water nymph (ally target), a friendly dryad (summoned,
sheltered), a friendly guardian golem (summoned) and a friendly warg (summoned,
sheltered).

Vanquished Creatures
  Duvessa (D:4)
  A boggart (D:13)
  A wolf (Lair:1)
  A bullfrog (Lair:4)
  Dowan (D:4)
  A nameless horror (Lair:5)
  2 orcs (D:8)
  An endoplasm (D:1)
  2 hobgoblins
  3 jackals (D:2)
  6 ball pythons
  2 bats
  2 kobolds
  2 rats
26 creatures vanquished.

Vanquished Creatures (collateral kills)
  Gastronok (Lair:2)
  Kirke (Lair:3)
  A tengu reaver (D:14)
  Roxanne (D:14)
  A caustic shrike zombie (D:15)
  Louise (Shoals:1)
  A minotaur (Gauntlet)
  2 dire elephants (Lair:5)
  Snorg (Orc:2)
  A merfolk javelineer (Shoals:1)
  A fire dragon (D:14)
  3 merfolk impalers
  A salamander tyrant (Snake:2)
  2 catoblepae (D:13)
  5 hydras
  An ogre mage (Orc:1)
  A boulder beetle (D:14)
  A merfolk avatar (Shoals:1)
  5 anacondas
  8 centaur warriors
  6 two-headed ogres (Orc:1)
  A tengu warrior (D:15)
  A death knight (D:15)
  A naga warrior (Snake:1)
  A death yak (Lair:5)
  A vampire mage (D:15)
  2 naga sharpshooters (Snake:1)
  An orc high priest (Orc:2)
  A deep elf knight (D:14)
  A storm dragon zombie (D:15)
  5 skeletal warriors
  A fire crab (Lair:5)
  3 naga ritualists (Snake:1)
  A flayed ghost (D:14)
  3 sea snakes
  4 harpies (Shoals:1)
  2 phantasmal warriors (D:15)
  5 necromancers
  A deep elf pyromancer (D:14)
  4 mana vipers
  An orc knight (Orc:1)
  5 orc sorcerers (Orc:2)
  3 oklob plants (Lair:5)
  A faun (Shoals:1)
  8 cyclopes
  9 manticores
  7 salamanders
  14 ugly things
  A wolf spider (D:14)
  A fire giant skeleton (D:15)
  2 centaur zombies (D:10)
  9 elephants (Lair:5)
  23 black mambas
  3 water nymphs
  A torpor snail (Lair:2)
  A gargoyle (D:12)
  A kobold demonologist (D:13)
  9 cane toads
  A naga mage (Lair:2)
  3 rime drakes
  An unseen horror (D:12)
  An unseen horror zombie (D:10)
  A komodo dragon (D:10)
  6 trolls
  A yaktaur (D:14)
  4 polar bears
  A meliai (shapeshifter) (D:14)
  A meliai (D:14)
  Grinder (D:5)
  8 merfolk
  3 wind drakes
  9 slime creatures
  A snapping turtle (Shoals:1)
  6 blink frogs
  A dream sheep (shapeshifter) (D:8)
  A spectral elephant (Lair:5)
  An ettin zombie (D:15)
  A shadow (D:10)
  A centaur simulacrum (D:13)
  Eustachio (D:5)
  A spriggan (shapeshifter) (D:14)
  2 wyverns
  A water elemental (Shoals:1)
  4 wraiths
  33 yaks
  2 hogs (Lair:3)
  4 vampire mosquitoes
  A redback (D:14)
  4 basilisks
  8 nagas
  2 wargs
  4 acid dragons
  10 water moccasins
  2 nameless horrors
  2 ice beasts
  An elephant zombie (Lair:5)
  2 sky beasts
  23 orc warriors
  14 wolves
  12 ogres
  6 boggarts
  6 centaurs
  A phantom (D:6)
  A kobold brigand (D:8)
  10 bullfrogs
  A gnoll sergeant (D:8)
  A necrophage (D:6)
  3 scorpions
  10 wights
  A killer bee (D:8)
  An elephant simulacrum (Lair:5)
  10 howler monkeys
  2 electric eels (Lair:4)
  A human zombie (D:10)
  2 hounds
  7 jellies
  22 orc priests
  Jessica (D:2)
  2 iguanas
  9 hell rats
  39 orc wizards
  An ogre zombie (Orc:1)
  A boggart simulacrum (Gauntlet)
  3 mummies (D:10)
  A howler monkey zombie (D:10)
  4 adders
  11 gnolls
  A river rat (D:6)
  2 white imps
  5 worms
  A dart slug (D:4)
  62 orcs
  3 bats
  14 endoplasms
  16 giant cockroaches
  7 goblins
  5 hobgoblins
  8 jackals
  4 quokkas
  11 ball pythons
  3 frilled lizards
  12 kobolds
  8 rats
  A bush (Lair:4)
689 creatures vanquished.

Vanquished Creatures (others)
  3 dire elephants (Lair:5)
  8 hydras
  A centaur warrior (D:15)
  2 naga warriors (Snake:1)
  A naga sharpshooter (Snake:1)
  A spectral death yak (Lair:5)
  A skeletal warrior (D:14)
  A spectral anaconda (Lair:5)
  Pikel (D:6)
  A necromancer (Lair:5)
  3 ugly things
  2 cyclopes
  A mana viper (Snake:1)
  An orc sorcerer (Orc:2)
  A naga mage (Snake:1)
  A guardian serpent (Snake:1)
  2 elephants (Lair:5)
  4 black mambas
  3 cane toads
  A gargoyle (D:12)
  5 trolls
  A polar bear (Lair:5)
  4 meliai
  A wolf spider simulacrum (Gauntlet)
  A spectral elephant (Lair:5)
  3 centaur simulacra (Gauntlet)
  A wraith (D:12)
  19 yaks
  A wyvern (D:7)
  2 hogs (Lair:3)
  2 nagas (Snake:1)
  A floating eye (shapeshifter) (D:14)
  4 water moccasins
  3 orc warriors
  A black bear (D:8)
  An ice beast (D:6)
  4 wolves
  An elephant zombie (Lair:5)
  6 ogres
  Blork the orc (D:5)
  A kobold brigand (D:8)
  A necrophage (D:10)
  A cane toad simulacrum (Gauntlet)
  An elephant simulacrum (Lair:5)
  4 killer bees (D:7)
  An iguana (D:5)
  2 orc wizards
  A hell rat (Lair:3)
  3 orcs
  9 bushes
  56 fungi
  104 plants
  21 snaplasher vines
  28 withered plants
334 creatures vanquished.

Grand Total: 1049 creatures vanquished

Notes
Turn   | Place    | Note
-------+----------+-------------------------------------------
     0 | D:1      | ragingrage the Felid Summoner began the quest for the Orb.
     0 | D:1      | Reached XP level 1. HP: 7/7 MP: 4/4
   149 | D:1      | Found a faded altar of an unknown god.
   673 | D:1      | Reached XP level 2. HP: 11/11 MP: 3/6
   714 | D:1      | Learned a level 2 spell: Call Imp
  1846 | D:2      | Reached XP level 3. HP: 14/14 MP: 2/8
  2046 | D:2      | Noticed Jessica
  2063 | D:2      | Killed Jessica
  2311 | D:2      | Reached skill level 5 in Summonings
  2311 | D:2      | Reached XP level 4. HP: 18/18 MP: 9/9
  2528 | D:2      | Learned a level 3 spell: Call Canine Familiar
  2532 | D:2      | Learned a level 3 spell: Summon Guardian Golem
  2773 | D:2      | Reached XP level 5. HP: 21/21 MP: 10/10
  2790 | D:2      | Reached skill level 1 in Hexes
  2899 | D:2      | Reached skill level 3 in Dodging
  3525 | D:3      | Found Ritozug's Magic Scroll Shoppe.
  4040 | D:3      | Found Jirihil's Jewellery Shop.
  4118 | D:3      | Found Erchoitun's Assorted Antiques.
  4128 | D:3      | Found Poheama's Magic Scroll Emporium.
  4136 | D:3      | Bought a scroll of teleportation for 33 gold pieces
  4198 | D:3      | Found an opulent altar of Gozag.
  4215 | D:3      | Became a worshipper of Gozag Ym Sagoz the Greedy
  4476 | D:4      | Found a hide-covered altar of Uskayaw.
  4773 | D:4      | Reached skill level 1 in Fighting
  4773 | D:4      | Gained mutation: You are covered in thick fur. (AC +2)
                  | [Felid growth]
  4773 | D:4      | Reached XP level 6. HP: 25/25 MP: 10/12
  5057 | D:4      | Noticed Duvessa
  5170 | D:4      | Noticed Dowan
  5187 | D:4      | Killed Duvessa
  5222 | D:4      | Killed Dowan
  5258 | D:4      | Identified the ring of Xom's Whimsicality {rF+ rC+ Str-5
                  | Slay+4}
  5482 | D:4      | Identified the +4 scale mail of the Chupacabra {rPois
                  | Regen+ Int-5 Slay+6}
  5648 | D:5      | Entered Level 5 of the Dungeon
  5648 | D:5      | Noticed Blork the orc
  5677 | D:5      | Reached XP level 7. HP: 8/28 MP: 10/14
  5948 | D:5      | Identified a scroll of acquirement
  5948 | D:5      | Acquired 823 gold pieces
  5962 | D:5      | Noticed Grinder
  5978 | D:5      | Noticed Eustachio
  6011 | D:6      | Noticed Pikel
  6075 | D:6      | Killed Pikel
  6076 | D:6      | Reached skill level 5 in Spellcasting
  6076 | D:6      | Reached skill level 5 in Hexes
  6076 | D:6      | Reached XP level 8. HP: 6/32 MP: 14/16
  6274 | D:6      | Found a glowing drain.
  6324 | Sewer    | Entered a sewer
  6382 | Sewer    | Learned a level 4 spell: Summon Lightning Spire
  6517 | Sewer    | Found a viscous altar of Jiyva.
  6820 | D:6      | Reached skill level 4 in Dodging
  6882 | D:6      | Found Ycyelun's General Store.
  7142 | D:6      | Found a blossoming altar of Fedhas.
  7181 | D:6      | Found a hazy altar of Hepliaklqana.
  7407 | D:5      | Killed Blork the orc
  7639 | D:5      | Killed Eustachio
  7640 | D:5      | Reached skill level 5 in Dodging
  7827 | D:5      | Found a sacrificial altar of Ru.
  7956 | D:5      | Killed Grinder
  7957 | D:5      | Reached XP level 9. HP: 38/38 MP: 18/18
  8077 | D:5      | Found a staircase to the Ecumenical Temple.
  8468 | D:6      | Found a glowing golden altar of the Shining One.
  8600 | D:7      | Found an ornate altar of the Wu Jian Council.
  8651 | D:7      | Found an ancient bone altar of Kikubaaqudgha.
  9009 | D:7      | Reached skill level 1 in Air Magic
  9117 | D:7      | Reached skill level 6 in Dodging
  9657 | D:8      | Found a broken altar of Ashenzari.
 10432 | D:8      | Reached skill level 7 in Dodging
 10490 | D:8      | Reached XP level 10. HP: 29/43 MP: 19/21
 10623 | D:8      | Learned a level 3 spell: Swiftness
 10674 | D:8      | Reached skill level 10 in Summonings
 10699 | D:8      | Noticed a manticore
 10724 | D:8      | Killed a manticore
 10998 | D:8      | Reached skill level 5 in Fighting
 11190 | D:8      | Found Piviwics's Jewellery Emporium.
 11208 | D:8      | Noticed a purple ugly thing
 11232 | D:8      | Noticed a brown ugly thing
 11251 | D:8      | Noticed a seven-headed hydra
 11268 | D:8      | Killed a brown ugly thing
 11270 | D:8      | Killed a brown ugly thing
 11270 | D:8      | Killed a seven-headed hydra
 11271 | D:8      | Reached skill level 8 in Dodging
 12041 | D:9      | Found a white marble altar of Elyvilon.
 12730 | D:9      | Found a staircase to the Lair.
 12923 | Lair:1   | Entered Level 1 of the Lair of Beasts
 12938 | Lair:1   | Reached skill level 9 in Dodging
 13004 | Lair:1   | Reached XP level 11. HP: 48/48 MP: 20/23
 13108 | Lair:1   | You fall into a shaft and drop 1 floor!
 13200 | Lair:2   | Reached skill level 5 in Air Magic
 13360 | Lair:1   | Found a gate leading to a gauntlet.
 13392 | Gauntlet | Entered a Gauntlet
 13392 | Gauntlet | Found a transporter.
 13392 | Gauntlet | Found a transporter.
 13397 | Gauntlet | Found a transporter.
 13412 | Gauntlet | Found a transporter.
 13414 | Gauntlet | Noticed a death scarab
 13417 | Gauntlet | Noticed a death scarab
 13426 | Gauntlet | Found a transporter.
 13439 | Gauntlet | Found a transporter.
 13446 | Gauntlet | Noticed a large abomination
 13458 | Gauntlet | Found a transporter.
 13526 | Gauntlet | Found a transporter.
 13541 | Gauntlet | Found a transporter.
 13555 | Gauntlet | Found a transporter.
 13568 | Gauntlet | Found a transporter.
 13584 | Gauntlet | Found a transporter.
 13651 | Gauntlet | Found a transporter.
 13665 | Gauntlet | Found a transporter.
 13682 | Gauntlet | Found a transporter.
 13745 | Gauntlet | Identified the ring of Firir {rC+ rN+ Dex+4}
 13987 | Gauntlet | Identified the +0 helmet of Sezezal {Int+4 Stlth+}
 14007 | Gauntlet | Mangled by a centaur warrior simulacrum
 14008 | Gauntlet | Reached XP level 10. HP: -10/47 MP: 20/23
 14010 | Gauntlet | Noticed a minotaur
 14044 | Gauntlet | Killed a minotaur
 14045 | Gauntlet | Reached skill level 10 in Dodging
 14052 | Gauntlet | Found the +18 shield of the Gong {rElec rN+ Will+ EV-5}
 14620 | Lair:1   | Noticed an eight-headed hydra
 14666 | Lair:1   | Killed an eight-headed hydra
 14843 | Lair:1   | Noticed a cane toad
 14856 | Lair:1   | Killed a cane toad
 15270 | Lair:2   | Reached XP level 11. HP: 50/50 MP: 21/24
 15281 | Lair:2   | Noticed Gastronok
 15611 | Lair:2   | Killed Gastronok
 15766 | Lair:2   | Found a staircase to the Snake Pit.
 15793 | Lair:2   | Noticed a four-headed hydra
 15793 | Lair:2   | Noticed a six-headed hydra
 15802 | Lair:2   | Killed a six-headed hydra
 15803 | Lair:2   | Killed a four-headed hydra
 15855 | Lair:2   | Reached skill level 11 in Dodging
 16150 | Lair:2   | Noticed an eight-headed hydra
 16158 | Lair:2   | Killed an eight-headed hydra
 16907 | Lair:3   | Identified the +2 flail of Calamity {spect, *Rage Int+3
                  | Dex+3}
 16918 | Lair:3   | Identified the +6 trident "Ogre's Funeral" {drain, Will+}
 16939 | Lair:3   | Noticed a five-headed hydra
 16944 | Lair:3   | Gained mutation: Your thick and shaggy fur keeps you warm.
                  | (AC +3, rC+) [Felid growth]
 16944 | Lair:3   | Reached XP level 12. HP: 56/56 MP: 20/26
 16954 | Lair:3   | Killed a five-headed hydra
 17056 | Lair:3   | Noticed Kirke
 17563 | Lair:3   | Killed Kirke
 17564 | Lair:3   | Reached skill level 12 in Dodging
 17732 | Lair:3   | Found a runed translucent gate.
 17733 | Lair:3   | Found a runed translucent gate.
 17734 | Lair:3   | Found a runed translucent gate.
 17737 | Lair:3   | Found a staircase to the Shoals.
 17747 | Lair:3   | Noticed a ten-headed hydra
 17747 | Lair:3   | Noticed relicbr's ghost (journeyman DEFE)
 17747 | Lair:3   | Noticed a 13-headed hydra
 17942 | Lair:1   | Bought a Fen Folio for 630 gold pieces
 17948 | Lair:1   | Learned a level 5 spell: Summon Forest
 17956 | Lair:1   | Learned a level 7 spell: Summon Hydra
 18331 | Lair:4   | Reached skill level 1 in Translocations
 18447 | Lair:4   | Noticed a six-headed hydra
 18460 | Lair:4   | Killed a six-headed hydra
 18610 | Lair:4   | Found a viscous altar of Jiyva.
 18610 | Lair:4   | Found a staircase to the Slime Pits.
 19389 | Lair:5   | Entered Level 5 of the Lair of Beasts
 19579 | Lair:5   | Reached skill level 10 in Spellcasting
 19877 | Lair:5   | Noticed a dire elephant
 19891 | Lair:5   | Noticed a dire elephant
 19941 | Lair:5   | Killed a dire elephant
 19994 | Lair:5   | Noticed a dire elephant
 20011 | Lair:5   | Killed a dire elephant
 20186 | Lair:5   | Noticed a death yak
 20202 | Lair:5   | Noticed a dire elephant
 20206 | Lair:5   | Killed a death yak
 20207 | Lair:5   | Reached skill level 13 in Dodging
 20207 | Lair:5   | Reached skill level 5 in Translocations
 20207 | Lair:5   | Reached XP level 13. HP: 61/61 MP: 25/28
 20319 | Lair:5   | Reached skill level 10 in Fighting
 20980 | Lair:5   | Killed a dire elephant
 20986 | Lair:5   | Noticed a dire elephant
 20993 | Lair:5   | Killed a dire elephant
 20999 | Lair:5   | Killed a dire elephant
 21321 | Lair:5   | Reached skill level 14 in Dodging
 21340 | Lair:5   | Learned a level 2 spell: Blink
 23013 | D:10     | Entered Level 10 of the Dungeon
 23331 | D:10     | Found a shadowy altar of Dithmenos.
 23763 | D:10     | Found a basalt altar of Yredelemnul.
 24053 | D:10     | Found a staircase to the Orcish Mines.
 24372 | D:10     | Identified the +4 spear of the Eternal Warrior {drain,
                  | *Noise rPois Dex-4 SInv}
 25358 | Lair:1   | Bought a book of the Sky for 660 gold pieces
 25994 | D:11     | Reached XP level 14. HP: 67/67 MP: 27/29
 27190 | D:12     | Reached skill level 10 in Translocations
 27633 | D:12     | Identified the +1 ring mail "Cuxa" {+Inv}
 27684 | D:12     | Reached skill level 15 in Dodging
 27921 | Orc:1    | Entered Level 1 of the Orcish Mines
 27967 | Orc:1    | Found Moovous's Book Boutique.
 28150 | Orc:2    | Entered Level 2 of the Orcish Mines
 29034 | Orc:2    | Found Lerchuuze's Antique Weapon Shoppe.
 29368 | Orc:2    | Noticed Snorg
 29381 | Orc:2    | Killed Snorg
 29392 | Orc:2    | HP: 1/68 [orc warrior/bolt (15)]
 29923 | Orc:2    | Found Jaof's Magic Scroll Emporium.
 29923 | Orc:2    | Found Balylej's Jewellery Emporium.
 29925 | Orc:2    | Found Goadumug's Antique Armour Shoppe.
 29929 | Orc:2    | Found Quonkeif's Distillery.
 29940 | Orc:2    | Bought a scroll of teleportation for 48 gold pieces
 29955 | Orc:2    | Bought a potion of curing for 45 gold pieces
 29955 | Orc:2    | Bought a potion of heal wounds for 75 gold pieces
 30148 | Orc:2    | Found a staircase to the Elven Halls.
 31463 | D:13     | Found a frozen archway.
 31672 | D:13     | Reached skill level 16 in Dodging
 32585 | D:13     | Reached XP level 15. HP: 73/73 MP: 17/31
 32815 | D:14     | Noticed Roxanne
 32857 | D:14     | Killed Roxanne
 33571 | D:14     | Found a gate to the Vaults.
 34275 | D:14     | Identified the amulet of Lucidity {Reflect rN+ SH+5}
 34275 | D:14     | Noticed a tengu reaver
 34284 | D:14     | Killed a tengu reaver
 34285 | D:14     | Reached skill level 10 in Air Magic
 34368 | D:14     | Learned a level 7 spell: Storm Form
 34666 | D:14     | Reached skill level 17 in Dodging
 34666 | D:14     | Reached skill level 1 in Transmutations
 34775 | D:15     | Entered Level 15 of the Dungeon
 35178 | D:15     | Found a staircase to the Depths.
 35313 | D:15     | Found a transporter.
 35316 | D:15     | Found a one-way gate to the infinite horrors of the Abyss.
 35316 | D:15     | Noticed Geulo's ghost (adept DEFE)
 35319 | D:15     | Identified the +0 tower shield "Tieruesi" {Harm rElec rF+
                  | Dex+4 Stlth+}
 35319 | D:15     | Noticed a daeva
 35325 | D:15     | Found a transporter.
 36133 | Snake:1  | Entered Level 1 of the Snake Pit
 36571 | Snake:1  | Reached skill level 5 in Transmutations
 36800 | Snake:1  | Reached XP level 16. HP: 33/78 MP: 26/33
 37962 | Snake:2  | Noticed Jorgrun
 38043 | Snake:2  | Noticed Vashnia
 39565 | Snake:2  | Noticed Frances
 39566 | Snake:2  | Shot with a bolt by Vashnia
 39567 | Snake:2  | Reached XP level 15. HP: -1/75 MP: 27/32
 39895 | Shoals:1 | Entered Level 1 of the Shoals
 39905 | Shoals:1 | Reached skill level 18 in Dodging
 40200 | Shoals:1 | Noticed Louise
 40211 | Shoals:1 | Killed Louise
 40817 | Shoals:1 | HP: 2/75 [drowned by a drowned soul[a merfolk avatar] (12)]
 40818 | Shoals:1 | Drowned by a drowned soul
 40819 | Shoals:1 | Reached XP level 14. HP: -15/72 MP: 19/31
 41337 | Shoals:2 | Found Rawnouwi's General Store.
 41337 | Shoals:2 | You fall into a shaft and drop 1 floor!
 41794 | Shoals:3 | Slain by a water nymph

Illustrated notes

Levels and vault maps discovered:
D:1:      erik_arrival_blinker_ship, layout_basic,
          ebering_ecumenical_altar_petrified, columned_hall_lemuel
D:2:      layout_basic, serial_rivers, chequers_serial_rivers_small_b,
          chequers_serial_rivers_micro_e, chequers_serial_rivers_room_a,
          chequers_serial_rivers_room_b, chequers_serial_rivers_micro_c,
          serial_park_tiny_pond, uniq_jessica
D:3:      layout_loops_ring, lemuel_crystal_altar, serial_shops,
          nicolae_shop_waterfront, nicolae_shop_overgrown_old_shop,
          nicolae_shop_stone, nicolae_shop_crystal, minmay_bisected
D:4:      layout_loops_corners, nicolae_uskayaw_dance_hall, uniq_duvessa
D:5:      layout_loops_cross, mainiacjoe_overflow_catwalk, temple_statues,
          nrook_mini_vaults, grunt_decor_resistance, uniq_grinder,
          uniq_blork_the_orc, uniq_eustachio
D:6:      layout_cave_pools, nzn_hepliaklqana_mist_gate, fedhas_altar_3,
          lemuel_tele_altar, enter_ossuary_5, serial_shops, shop_coins,
          gup_sewer_entry_bowl, uniq_pikel
D:7:      layout_loops_corners, amcnicky_altar_gilded, nzn_wu_jian_council_hall,
          chequers_serial_rivers_small_b
D:8:      layout_layer_cave, ashenzari_conservatory_becter, serial_shops,
          kennysheep_mini_moat, minmay_hedge_maze, minivault_4,
          minmay_shattered_shrine
D:9:      layout_cave_pools, mainiacjoe_overflow_24_doors, lair_entry_dummy
D:10:     layout_loops_ring, lemuel_mausoleum_altar_yredelemnul,
          nicolae_dithmenos_shadow_blocks, skrybe_limestone_x
D:11:     layout_basic
D:12:     layout_loops_corners
D:13:     layout_basic, serial_ice, serial_ice_d, serial_ice_c, serial_ice_l,
          serial_ice_a, portal_ice_cave_rime, minmay_fractal_squares_gapless_5
D:14:     minmay_the_grid_four_pointed_star [minmay_the_grid_triangle_9x9_empty,
          minmay_the_grid_triangle_9x9_zippers_vertical,
          minmay_the_grid_triangle_9x9_sparse_checkered,
          minmay_the_grid_triangle_9x9_intruding_spiral,
          minmay_the_grid_prize_four_corners], layout_irregular_city,
          nicolae_two_hexagons, minmay_checkered_concentric_circles,
          uniq_roxanne
D:15:     gammafunk_depths_entry_grave, layout_stronghold, serial_column_ruins,
          column_ruins_hut, column_ruins_open_small,
          column_ruins_columns_straight, column_ruins_open_small_water,
          column_ruins_open_tiny, column_ruins_grid_3, roderic_malta_cross,
          gammafunk_ghost_abyssal_escape
Lair:1:   layout_cave_pods, gauntlet_entry_generic
Lair:2:   layout_chaotic_city, minmay_snake_entry_six_corridors,
          chequers_serial_rivers_large_b, uniq_gastronok
Lair:3:   layout_loops_ring, elwin_shoals_entry_rocks,
          gammafunk_ghost_hydra_chop, serial_bayou_shore_b, grunt_megastairs_5,
          uniq_kirke
Lair:4:   layout_gridlike, dpeg_slime_entry_enclosed, serial_bayou_shore_a
Lair:5:   due_jungle_book, layout_layer_cave, dpeg_oklob_1, serial_bayou_shore_b
Shoals:1: layout_shoals, nicolae_shoals_lost_giant_amphitheater,
          nicolae_shoals_dead_sea_scrolls, uniq_louise
Shoals:2: layout_shoals, serial_shops, nicolae_stop_n_shop_1,
          nicolae_shoals_nymph_descending_staircase
Shoals:3: layout_shoals
Snake:1:  layout_onion_interference
Snake:2:  layout_rooms, gammafunk_ghost_necromancy, drop_trap, uniq_vashnia,
          uniq_jorgrun, uniq_frances
Orc:1:    lemuel_ogre_cave, layout_caves, nicolae_volcano_entry_hallway,
          serial_shops, nicolae_shop_hallway_plus
Orc:2:    st_orc_mages, layout_caves, serial_shops, shop, uniq_snorg

Skill      XL: |  1  2  3  4  5  6  7  8  9 10 11 12 13 14 15 16 |
---------------+-------------------------------------------------+-----
Spellcasting   | 3 4 5 6 7 9 10 11 12 | 12.0
Summonings     | 5 6 8 9 10 12 13 | 13.0
Hexes          | 2 3 5 |  5.0
Dodging        | 3 5 7 10 11 13 14 16 18 | 18.2
Fighting       | 1 3 4 6 8 9 11 12 13 14 | 14.2
Air Magic      | 2 6 7 9 11 | 11.2
Translocations | 5 9 10 | 10.0
Transmutations | 8 7 |  8.8
Stealth        | |  2.6

Action                   |  1- 3 |  4- 6 |  7- 9 | 10-12 | 13-15 | 16-18 || total
-------------------------+-------+-------+-------+-------+-------+-------++-------
Melee: Unarmed           |    27 |    35 |     8 |    39 |    64 |     1 ||   174
       Bite              |     3 |     4 |       |     6 |    11 |     1 ||    25
       Punch             |       |     1 |       |     1 |     2 |       ||     4
 Cast: Summon Small Mamm |    35 |    28 |    25 |    52 |    46 |     2 ||   188
       Call Imp          |    16 |    30 |    27 |    51 |    70 |     1 ||   195
       Call Canine Famil |       |    11 |    33 |    65 |   154 |    13 ||   276
       Summon Guardian G |       |     2 |    31 |    67 |   156 |    15 ||   271
       Summon Lightning  |       |       |     3 |    62 |   128 |    13 ||   206
       Summon Forest     |       |       |       |     7 |   101 |    15 ||   123
       Swiftness         |       |       |       |     1 |       |       ||     1
       Summon Hydra      |       |       |       |       |     5 |     3 ||     8
       Blink             |       |       |       |       |     3 |     3 ||     6
Invok: Potion Petition   |       |       |     1 |       |     1 |       ||     2
       Call Merchant     |       |       |       |     1 |     3 |       ||     4
Evoke: Wand              |       |     1 |     5 |     3 |     8 |     2 ||    19
       Phial of floods   |       |       |       |       |     2 |       ||     2
  Use: Scroll            |       |     5 |     3 |    11 |    11 |     1 ||    31
       Potion            |       |     1 |       |       |     1 |     1 ||     3
 Stab: Sleeping          |     2 |     3 |     1 |       |     1 |       ||     7
       Distracted        |       |     2 |     1 |     1 |     4 |       ||     8
Armor: Skin              |       |       |     2 |     2 |    12 |     4 ||    20
Dodge: Dodged            |    25 |    39 |    30 |   144 |   332 |   174 ||   744

Table legend: (Time is in decaauts)
 A = Elapsed time spent in this place.
 B = Non-inter-level travel time spent in this place.
 C = Inter-level travel time spent in this place.
 D = Time resting spent in this place.
 E = Time spent auto-exploring this place.
 F = Levels seen in this place.
 G = Mean time per level.
                   A        B        C        D        E       F      G
               +--------+--------+--------+--------+--------+-----+--------+
         Total |  37794 |  36046 |   1748 |  11056 |  16933 |  29 | 1303.2 |
       Dungeon |  19606 |  18602 |   1004 |   4161 |  10279 |  15 | 1307.1 |
          Lair |   9563 |   9064 |    499 |   3439 |   3694 |   5 | 1912.6 |
        Shoals |   1716 |   1666 |     50 |    420 |    959 |   3 |  572.0 |
     Snake Pit |   2703 |   2642 |     61 |   1651 |    528 |   2 | 1351.5 |
  Orcish Mines |   3198 |   3065 |    133 |   1206 |   1053 |   2 | 1599.0 |
         Sewer |    423 |    423 |      0 |      0 |    220 |   1 |  423.0 |
      Gauntlet |    581 |    581 |      0 |    177 |    198 |   1 |  581.0 |
               +--------+--------+--------+--------+--------+-----+--------+

Top non-repeatable levels by time:
  Lair:5: 3239 daAuts
 Snake:1: 2604 daAuts
  Lair:2: 2449 daAuts
   Orc:1: 2238 daAuts
     D:8: 2169 daAuts
     D:2: 1860 daAuts
    D:14: 1750 daAuts
  Lair:1: 1710 daAuts
    D:11: 1644 daAuts
     D:1: 1579 daAuts
    D:10: 1430 daAuts
    D:13: 1358 daAuts
    D:12: 1315 daAuts
     D:4: 1300 daAuts
Shoals:1: 1266 daAuts
